TOP OF THE 1ST |
Beech Mountain Mountaineers batting - Pitching for Seattle Pikes : LHP David Hill
|
Pitching: LHP David Hill
|
|
Batting: SHB Félix Montoya
|
0-0: Ball 1-0: Ball 2-0: Fly out, F9 (Flyball, 89M)
|
Batting: SHB Miguel González
|
0-0: Ball 1-0: Ball 2-0: Ball 3-0: Called Strike 3-1: Foul Ball, location: 2F 3-2: Fly out, F7 (Flyball, 7)
|
Batting: SHB Juan Castro
|
0-0: Called Strike 0-1: Called Strike 0-2: Foul Ball, location: 2F 0-2: Foul Ball, location: 2F 0-2: Ground out U3 (Groundball, 34S)
|
Top of the 1st over - 0 run(s), 0 hit(s), 0 error(s), 0 left on base; Beech Mountain 0 - Seattle 0 |
BOTTOM OF THE 1ST |
Seattle Pikes batting - Pitching for Beech Mountain Mountaineers : RHP José Rojas
|
Pitching: RHP José Rojas
|
|
Batting: LHB Roberto Lozano
|
0-0: Ball 1-0: Ground out U3 (Groundball, 34)
|
Batting: SHB António Hernández
|
0-0: Called Strike 0-1: Ball 1-1: Swinging Strike 1-2: Ball 2-2: Foul Ball, location: 2F 2-2: Ground out U3 (Groundball, 3)
|
Batting: RHB Wallace Greene
|
0-0: Fly out, F4 (Line Drive, 4M)
|
Bottom of the 1st over - 0 run(s), 0 hit(s), 0 error(s), 0 left on base; Beech Mountain 0 - Seattle 0 |
TOP OF THE 2ND |
Beech Mountain Mountaineers batting - Pitching for Seattle Pikes : LHP David Hill
|
Batting: SHB Tony López
|
0-0: Ball 1-0: Swinging Strike 1-1: DOUBLE (Line Drive, 8RXD)
|
Batting: RHB John Anderson
|
0-0: Ball 1-0: Called Strike 1-1: Ball 2-1: Called Strike 2-2: Ball 3-2: Fly out, F3 (Popup, 3L)
|
Batting: SHB Rick Turner
|
0-0: Ball 1-0: Foul Ball, location: 2F 1-1: Foul Ball, location: 2F 1-2: Foul Ball, location: 2F 1-2: Ball 2-2: Ground out 4-3 (Groundball, 4) Tony López to third
|
Batting: LHB Tommy Payne
|
0-0: Called Strike 0-1: Swinging Strike 0-2: Strikes out swinging
|
Top of the 2nd over - 0 run(s), 1 hit(s), 0 error(s), 1 left on base; Beech Mountain 0 - Seattle 0 |
BOTTOM OF THE 2ND |
Seattle Pikes batting - Pitching for Beech Mountain Mountaineers : RHP José Rojas
|
Batting: LHB David Monahan
|
0-0: Called Strike 0-1: Foul Ball, location: 2F 0-2: Ball 1-2: Fly out, F8 (Line Drive, 8LM)
|
Batting: RHB Manuel Rico
|
0-0: Ball 1-0: Ball 2-0: Called Strike 2-1: Ground out 6-3 (Groundball, 6M)
|
Batting: LHB Gary Kern
|
0-0: Foul Ball, location: 2F 0-1: Called Strike 0-2: SINGLE (Groundball, 4MD)
|
Batting: RHB Pete Rideout
|
0-0: Ball 1-0: Called Strike 1-1: Ball 2-1: Fielders Choice at 2nd, 5-4 (Groundball, 56)
|
Bottom of the 2nd over - 0 run(s), 1 hit(s), 0 error(s), 0 left on base; Beech Mountain 0 - Seattle 0 |
TOP OF THE 3RD |
Beech Mountain Mountaineers batting - Pitching for Seattle Pikes : LHP David Hill
|
Batting: LHB Pedro Gonzáles
|
0-0: Ball 1-0: Foul Ball, location: 2F 1-1: Ball 2-1: Ball 3-1: Base on Balls
|
Batting: RHB Jesús Cruz
|
0-0: Swinging Strike 0-1: Swinging Strike 0-2: Strikes out swinging
|
Batting: SHB Félix Montoya
|
0-0: Ball 1-0: Called Strike 1-1: Foul Ball, location: 2F 1-2: Ball 2-2: Strikes out swinging
|
Batting: SHB Miguel González
|
0-0: Ball 1-0: Fielders Choice at 2nd, 6-4 (Groundball, 6)
|
Top of the 3rd over - 0 run(s), 0 hit(s), 0 error(s), 0 left on base; Beech Mountain 0 - Seattle 0 |
BOTTOM OF THE 3RD |
Seattle Pikes batting - Pitching for Beech Mountain Mountaineers : RHP José Rojas
|
Batting: RHB Arnold Harmon
|
0-0: Ground out 5-3 (Groundball, 56)
|
Batting: SHB Richard Bowman
|
0-0: Ball 1-0: Foul Ball, location: 2F 1-1: Ball 2-1: Ground out U3 (Groundball, 34S)
|
Batting: LHB Roberto Lozano
|
0-0: Swinging Strike 0-1: Foul Ball, location: 2F 0-2: Fly out, F8 (Flyball, 8LD)
|
Bottom of the 3rd over - 0 run(s), 0 hit(s), 0 error(s), 0 left on base; Beech Mountain 0 - Seattle 0 |
TOP OF THE 4TH |
Beech Mountain Mountaineers batting - Pitching for Seattle Pikes : LHP David Hill
|
Batting: SHB Juan Castro
|
0-0: Called Strike 0-1: Foul Ball, location: 2F 0-2: Ball 1-2: Foul Ball, location: 2F 1-2: Ball 2-2: Ball 3-2: Ground out 4-3 (Groundball, 4)
|
Batting: SHB Tony López
|
0-0: Ball 1-0: Ball 2-0: Foul Ball, location: 2F 2-1: Foul Ball, location: 2F 2-2: Fly out, F9 (Flyball, 9LM)
|
Batting: RHB John Anderson
|
0-0: Ball 1-0: Foul Ball, location: 2F 1-1: Swinging Strike 1-2: Ball 2-2: Ball 3-2: Base on Balls
|
Batting: SHB Rick Turner
|
0-0: Ball 1-0: Foul Ball, location: 2F 1-1: Ball 2-1: Ball 3-1: SINGLE (Groundball, 56D) John Anderson to second
|
Batting: LHB Tommy Payne
|
0-0: Ball 1-0: Ball 2-0: Called Strike 2-1: Foul Ball, location: 2F 2-2: Ball 3-2: Base on Balls John Anderson to third Rick Turner to second
|
Batting: LHB Pedro Gonzáles
|
0-0: Foul Ball, location: 2F 0-1: Foul Ball, location: 2F 0-2: Strikes out swinging
|
Top of the 4th over - 0 run(s), 1 hit(s), 0 error(s), 3 left on base; Beech Mountain 0 - Seattle 0 |
BOTTOM OF THE 4TH |
Seattle Pikes batting - Pitching for Beech Mountain Mountaineers : RHP José Rojas
|
Batting: SHB António Hernández
|
0-0: Ball 1-0: Ball 2-0: Ball 3-0: Base on Balls
|
Batting: RHB Wallace Greene
|
0-0: Foul Ball, location: 2F 0-1: SINGLE (Line Drive, 8LS) António Hernández to second Runner from 2nd tries for 3rd, SAFE, no throw
|
Batting: LHB David Monahan
|
0-0: Called Strike 0-1: Fly out, F9 (Flyball, 9) Runner from 3rd tags up, SCORES, throw made
|
Batting: RHB Manuel Rico
|
0-0: Ball Wallace Greene steals 2nd base 1-0: Ball 2-0: Ball 3-0: Fly out, F7 (Flyball, 7S)
|
Batting: LHB Gary Kern
|
0-0: Ball 1-0: Ball 2-0: Fly out, F7 (Flyball, 7LM)
|
Bottom of the 4th over - 1 run(s), 1 hit(s), 0 error(s), 1 left on base; Beech Mountain 0 - Seattle 1 |
TOP OF THE 5TH |
Beech Mountain Mountaineers batting - Pitching for Seattle Pikes : LHP David Hill
|
Batting: RHB Jesús Cruz
|
0-0: Called Strike 0-1: Foul Ball, location: 2F 0-2: Foul Ball, location: 2F 0-2: Ball 1-2: Foul Ball, location: 2F 1-2: Ball 2-2: Strikes out looking
|
Batting: SHB Félix Montoya
|
0-0: Ball 1-0: Swinging Strike 1-1: Swinging Strike 1-2: Strikes out swinging
|
Batting: SHB Miguel González
|
0-0: Foul Ball, location: 2F 0-1: Foul Ball, location: 2F 0-2: Ball 1-2: Foul Ball, location: 2F 1-2: Ball 2-2: Foul Ball, location: 2F 2-2: Foul Ball, location: 2F 2-2: Foul Ball, location: 2F 2-2: Ground out 4-3 (Groundball, 4M)
|
Top of the 5th over - 0 run(s), 0 hit(s), 0 error(s), 0 left on base; Beech Mountain 0 - Seattle 1 |
BOTTOM OF THE 5TH |
Seattle Pikes batting - Pitching for Beech Mountain Mountaineers : RHP José Rojas
|
Batting: RHB Pete Rideout
|
0-0: Foul Ball, location: 2F 0-1: Called Strike 0-2: Strikes out looking
|
Batting: RHB Arnold Harmon
|
0-0: Swinging Strike 0-1: Ball 1-1: Fly out, F7 (Flyball, 7)
|
Batting: SHB Richard Bowman
|
0-0: Ball 1-0: Ground out U3 (Groundball, 34)
|
Bottom of the 5th over - 0 run(s), 0 hit(s), 0 error(s), 0 left on base; Beech Mountain 0 - Seattle 1 |
TOP OF THE 6TH |
Beech Mountain Mountaineers batting - Pitching for Seattle Pikes : LHP David Hill
|
Batting: SHB Juan Castro
|
0-0: SINGLE (Groundball, 6MD)
|
Batting: SHB Tony López
|
0-0: Grounds into double play, 6-4-3 (Groundball, 6)
|
Batting: RHB John Anderson
|
0-0: Ball 1-0: Called Strike 1-1: Foul Ball, location: 2F 1-2: Foul Ball, location: 2F 1-2: Ball 2-2: Ball 3-2: Base on Balls
|
Pitching: RHP Francisco Carrasco
|
|
Batting: SHB Rick Turner
|
0-0: Foul Ball, location: 2F 0-1: Ball 1-1: Ground out 1-3 (Groundball, P)
|
Top of the 6th over - 0 run(s), 1 hit(s), 0 error(s), 1 left on base; Beech Mountain 0 - Seattle 1 |
BOTTOM OF THE 6TH |
Seattle Pikes batting - Pitching for Beech Mountain Mountaineers : RHP José Rojas
|
Batting: LHB Roberto Lozano
|
0-0: Ball 1-0: SOLO HOME RUN (Flyball, 89XD), Distance : 440 ft
|
Batting: SHB António Hernández
|
0-0: Ball 1-0: Ball 2-0: Ball 3-0: Called Strike 3-1: Base on Balls
|
Batting: RHB Wallace Greene
|
0-0: Ball 1-0: Ball 2-0: Called Strike 2-1: Foul Ball, location: 2F 2-2: SINGLE (Flyball, 89S) António Hernández to second
|
Batting: LHB David Monahan
|
0-0: Fielders Choice at 2nd, 4-6 (Groundball, 34) António Hernández to third
|
Batting: RHB Manuel Rico
|
0-0: Called Strike 0-1: Ball 1-1: Swinging Strike 1-2: Ball 2-2: Ball 3-2: Ground out 5-3 (Groundball, 56S) David Monahan to second
|
Batting: LHB Gary Kern
|
0-0: Called Strike 0-1: Swinging Strike 0-2: Strikes out swinging
|
Bottom of the 6th over - 1 run(s), 2 hit(s), 0 error(s), 2 left on base; Beech Mountain 0 - Seattle 2 |
TOP OF THE 7TH |
Beech Mountain Mountaineers batting - Pitching for Seattle Pikes : RHP Francisco Carrasco
|
Batting: LHB Tommy Payne
|
0-0: Called Strike 0-1: Called Strike 0-2: Ball 1-2: Ball 2-2: Foul Ball, location: 2F 2-2: Strikes out swinging
|
Batting: LHB Pedro Gonzáles
|
0-0: SINGLE (Line Drive, 34D)
|
Batting: RHB Jesús Cruz
|
0-0: Called Strike 0-1: Foul Ball, location: 2F 0-2: Ball 1-2: Ball 2-2: Ball 3-2: Strikes out swinging
|
Batting: SHB Félix Montoya
|
0-0: Called Strike Pedro Gonzáles steals 2nd base 0-1: Foul Ball, location: 2F 0-2: Foul Ball, location: 2F 0-2: Ball 1-2: Strikes out swinging
|
Top of the 7th over - 0 run(s), 1 hit(s), 0 error(s), 1 left on base; Beech Mountain 0 - Seattle 2 |
BOTTOM OF THE 7TH |
Seattle Pikes batting - Pitching for Beech Mountain Mountaineers : RHP José Rojas
|
Batting: RHB Pete Rideout
|
0-0: Swinging Strike 0-1: Called Strike 0-2: Ground out 5-3 (Groundball, 56)
|
Batting: RHB Arnold Harmon
|
0-0: Ground out 4-3 (Groundball, 4)
|
Batting: SHB Richard Bowman
|
0-0: Ball 1-0: Ball 2-0: Foul Ball, location: 2F 2-1: Called Strike 2-2: Foul Ball, location: 2F 2-2: Strikes out swinging
|
Bottom of the 7th over - 0 run(s), 0 hit(s), 0 error(s), 0 left on base; Beech Mountain 0 - Seattle 2 |
TOP OF THE 8TH |
Beech Mountain Mountaineers batting - Pitching for Seattle Pikes : RHP Francisco Carrasco
|
Batting: SHB Miguel González
|
0-0: Ground out 4-3 (Groundball, 4)
|
Batting: SHB Juan Castro
|
0-0: Ball 1-0: Ball 2-0: SINGLE (Groundball, 4D)
|
Pitching: LHP Manny Sandoval
|
|
Batting: SHB Tony López
|
0-0: Ball 1-0: Ground out 5-3 (Groundball, 6S) Juan Castro to second
|
Pitching: RHP Orlando Ojeda
|
|
Batting: RHB John Anderson
|
0-0: Fly out, F7 (Line Drive, 78D)
|
Top of the 8th over - 0 run(s), 1 hit(s), 0 error(s), 1 left on base; Beech Mountain 0 - Seattle 2 |
BOTTOM OF THE 8TH |
Seattle Pikes batting - Pitching for Beech Mountain Mountaineers : RHP José Rojas
|
Pitching: RHP Steve Griffin
|
|
Batting: LHB Roberto Lozano
|
0-0: Called Strike 0-1: Called Strike 0-2: Fly out, F8 (Flyball, 8RS)
|
Now in CF: R.J. Parker
|
|
Batting: SHB António Hernández
|
0-0: Ball 1-0: Ball 2-0: Ball 3-0: Called Strike 3-1: SINGLE (Groundball, 6MD)
|
Batting: RHB Wallace Greene
|
0-0: Foul Ball, location: 2F 0-1: Foul Ball, location: 2F 0-2: Ball 1-2: Ball 2-2: Foul Ball, location: 2F 2-2: Strikes out looking
|
Batting: LHB David Monahan
|
0-0: Ball 1-0: Called Strike 1-1: Fly out, F8 (Line Drive, 8RXD)
|
Bottom of the 8th over - 0 run(s), 1 hit(s), 0 error(s), 1 left on base; Beech Mountain 0 - Seattle 2 |
TOP OF THE 9TH |
Beech Mountain Mountaineers batting - Pitching for Seattle Pikes : RHP Orlando Ojeda
|
Batting: SHB Rick Turner
|
0-0: Foul Ball, location: 2F 0-1: Foul Ball, location: 2F 0-2: Foul Ball, location: 2F 0-2: Strikes out swinging
|
Batting: LHB Tommy Payne
|
0-0: Called Strike 0-1: Ball 1-1: SINGLE (Groundball, 34D)
|
Pinch Hitting: LHB Robert Phillips
|
0-0: Ball 1-0: Swinging Strike 1-1: Foul Ball, location: 2F 1-2: Strikes out swinging
|
Batting: RHB Jesús Cruz
|
0-0: Called Strike 0-1: Ball 1-1: Ball 2-1: Foul Ball, location: 2F 2-2: Ball 3-2: Strikes out swinging
|
Top of the 9th over - 0 run(s), 1 hit(s), 0 error(s), 1 left on base; Beech Mountain 0 - Seattle 2 |
|